 Dungeon Crawl Stone Soup version 0.30-a0-1160-g6e42c06551 (webtiles) character file.

Game seed: 4461102214677190973

262 kae the Changer (level 5, 0/39 HPs)
             Began as a Demigod Transmuter on Apr 25, 2023.
             Slain by an iron imp (6 damage)
             ... on level 3 of the Dungeon.
             The game lasted 00:03:10 (2649 turns).

kae the Changer (Demigod Transmuter)                Turns: 2649, Time: 00:03:11

Health: 0/39       AC:  2    Str: 11    XL:     5   Next: 64%
Magic:  12/13      EV: 12    Int: 19    God:
Gold:   80         SH:  0    Dex: 14    Spells: 4/10 levels left

rFire   . .          .
                       - Unarmed
rCold   . . .        (no shield)
rNeg    . . .        a - +0 robe
rPois   .            (helmet currently unavailable)
rElec   .            (no cloak)
rCorr   .            (no gloves)
SInv    .            (boots currently unavailable)
Will    .....        (no amulet)
Stlth   +            (no ring)
HPRegen 0.26/turn    (no ring)
MPRegen 0.13/turn

%: no passive effects
@: appendages
A: horns 2, talons 2, high MP 1, forlorn, divine attributes
a: End Transformation


You were on level 3 of the Dungeon.
You had temporarily grown beastly horns and talons.
You visited 1 branch of the dungeon, and saw 3 of its levels.

You collected 80 gold pieces.


Innate Abilities, Weirdness & Mutations

You have temporarily grown beastly horns and talons.
You have an increased reservoir of magic. (+10% MP)
You shall have no god before yourself.
Your divine heritage dramatically boosts your attributes as you level up.


   Skills:
 - Level 0.8 Fighting
 - Level 1.7 Dodging
 - Level 2.6 Unarmed Combat
 + Level 3.3 Spellcasting
 + Level 3.6 Transmutations
 + Level 2.8 Poison Magic


You had 4 spell levels left.
You knew the following spells:

 Your Spells              Type           Power      Damage    Failure   Level
a - Beastly Appendage     Tmut           32%        N/A       3%          1
b - Wereblood             Tmut           16%        N/A       4%          2
c - Spider Form           Tmut/Pois      15%        N/A       12%         3

Your spell library contained the following spells:

 Spells                   Type           Power      Damage    Failure   Level
 Apportation              Tloc           6%         N/A       14%         1
 Necrotise                Necr           12%        1d4       14%         1
 Summon Small Mammal      Summ           12%        N/A       14%         1
 Ice Form                 Ice/Tmut       10%        N/A       56%         4

Inventory:

Missiles
 f - 23 stones
 n - 6 poisoned darts
Armour
 a - a +0 robe (worn)
Jewellery
 N - a ring of positive energy
   (You found it on level 3 of the Dungeon)
 S - a +6 ring of strength
   (You found it on level 3 of the Dungeon)
Wands
 o - a wand of flame (18)
   (You took it off Jessica on level 3 of the Dungeon)
Scrolls
 c - a scroll of teleportation {unknown}
 h - a scroll of poison {!r}
 j - a scroll of immolation {!r!r}
 k - a scroll of silence {unknown}
 l - 3 scrolls of magic mapping {unknown}
Potions
 b - a potion of lignification {!q}
 d - a potion of brilliance {unknown}
 e - a potion of haste {unknown}
 g - a potion of curing {unknown}
 i - a potion of might
 m - 2 potions of heal wounds {unknown}

Dungeon Overview and Level Annotations

Branches:
Dungeon (3/15) Zot: 15353

Shops:
D:2

[(
###.#####......##............#.#.
# #..# #####..##.......)........
# ##.# #...#...........#..#.
####.########.#..................
.............................###.
..##.########.##).).........##...
#....# #.##..<............##
#....# ###########...).....###
.....# ......5@?.#........##
#....# §......≈§.#####.#...# #
#....# ..._...≈≈.# #.#...####
#....# §.)...§§§.#####.#.......
#....# ≈.....§§..#........#####
#....# ≈≈≈.≈≈§...#..#....######
###### .≈§8≈≈....#.............
...≈§..§..#<...........#
.....$....#....#........


You could see an iron imp.


Message History

No target in view!
No target in view! 😎 MP[+1]
Your mp is fully restored (12).
Key pressed, stopping explore.
No target in view!
No target in view!
Key pressed, stopping explore.
Unknown command.
Things that are here:
a +0 dagger; a +0 club
Found an escape hatch in the floor.
Found a stone staircase leading down.
An iron imp comes into view.
The iron imp shouts!
Something shouts, "Quit, thou simpering folly-fallen foot-licker!"
An iron imp comes into view.
There are monsters nearby!
There are monsters nearby!
There are monsters nearby!
Unknown command.
Casting: Spider Form (quite dangerous; 13% risk of failure)
Confirm with . or Enter, or press ? or * to list all spells.
The spell is quite dangerous to miscast (13% risk of failure)!
Continue anyway? [Y]es or [N]o only, please.
The spell is quite dangerous to miscast (13% risk of failure)!
Continue anyway?
You turn into a venomous arachnid creature.
Your +0 robe melds into your body. 😎 MP[-3]
You lost 3 mp, and now have 9/12 mp.
An iron imp comes into view.
Found a burning altar of Makhleb.
The iron imp shouts! 😎 MP[+1]
The iron imp barely misses you.
You see here a scroll of identify {@r1}.
You hit the iron imp.
The iron imp is poisoned.
The iron imp hits you.
You hit the iron imp.
Your transformation is almost over.
The iron imp hits you. 😕 HP[-9]
You take 9 damage, and now have 30/39 hp.
MASSIVE DAMAGE!! (PAUSE)
You hit the iron imp but do no damage.
Unknown command.
You hit the iron imp but do no damage. The iron imp barely misses you.
Unknown command.
You hit the iron imp but do no damage. The iron imp hits you! 😮 HP[-9] MP[+1]
You take 9 damage, and now have 21/39 hp.
MASSIVE DAMAGE!! (PAUSE)
You hit the iron imp.
You kill the iron imp! 😮 HP[+1] Unknown command.
You hit the iron imp but do no damage. You bite the iron imp!
The iron imp is poisoned.
The iron imp closely misses you.
Unknown command.
You hit the iron imp but do no damage.
The iron imp looks as sick as possible!
The iron imp closely misses you.
Unknown command.
You hit the iron imp.
The iron imp looks as sick as possible!
You kill the iron imp!
Your transformation has ended.
Your +0 robe unmelds from your body.
The iron imp closely misses you. 😮 HP[+1] Unknown command.
You hit the iron imp but do no damage. The iron imp barely misses you.
Unknown command.
You hit the iron imp but do no damage. The iron imp hits you!
* * * LOW HITPOINT WARNING * * *
😨 HP[-8] MP[+1]
You take 8 damage, and now have 15/39 hp.
MASSIVE DAMAGE!! (PAUSE)
You hit the iron imp but do no damage. You completely miss the iron imp.
The iron imp misses you.
Unknown command.
You barely miss the iron imp.
The iron imp barely misses you. 😨 HP[+1]
Casting: Spider Form (dangerous; 12% risk of failure)
Confirm with . or Enter, or press ? or * to list all spells.
You grow a pair of large bovine horns.
Your feet morph into talons.
The iron imp closely misses you. The iron imp hits you.
* * * LOW HITPOINT WARNING * * *
😨 HP[-1] MP[-1]
You take 1 damage, and now have 15/39 hp.
You lost 1 mp, and now have 11/13 mp.
You hit the iron imp but do no damage. Your headbutt misses the iron imp.
Unknown command.
You hit the iron imp but do no damage.
You claw the iron imp, but do no damage.
Your headbutt misses the iron imp. The iron imp hits you!
* * * LOW HITPOINT WARNING * * *
😱 HP[-9]
You take 9 damage, and now have 6/39 hp.
MASSIVE DAMAGE!! (PAUSE)
You hit the iron imp but do no damage. The iron imp hits you.
You die...

Skill      XL: |  1  2  3  4 |
---------------+-------------+-----
Transmutations | 2 3 |  3.6
Spellcasting   | 2 3 |  3.3
Poison Magic   | 1 2 |  2.8
Fighting       | |  0.8
Dodging        | |  1.7
Unarmed Combat | |  2.6

Action                     |  1- 3 |  4- 6 || total
---------------------------+-------+-------++-------
  Melee: Unarmed           |    90 |   110 ||   200
         Kick              |    24 |     6 ||    30
         Headbutt          |    16 |     3 ||    19
   Cast: Beastly Appendage |    23 |     5 ||    28
         Spider Form       |     2 |     8 ||    10
         Wereblood         |     1 |     2 ||     3
    Use: Scroll            |     6 |       ||     6
         Potion            |       |     1 ||     1
   Stab: Sleeping          |     2 |       ||     2
 Armour: Robe              |    16 |     9 ||    25
         Skin              |       |     5 ||     5
  Dodge: Dodged            |    54 |   102 ||   156

Levels and vault maps discovered:
D:1:      nzn_arrival_depleted_hourglass, layout_basic,
          shapermc_ecumenical_altar_mp_urbaneastern, serial_glass,
          glass_columns_b, glass_columns_b, glass_columns_c, glass_columns_a,
          glass_columns_b, glass_columns_a, feat_on_display, feat_on_display
D:2:      layout_loops_corners, serial_shops, nicolae_shop_rolling_square,
          nicolae_shop_window_shopping
D:3:      layout_rooms, demons_altar, serial_undead, serial_undead_c,
          serial_undead_e, serial_undead_d, serial_undead_c, minmay_misc_feat_x,
          minmay_misc_feat_hallway, uniq_jessica, uniq_robin

Notes
Turn   | Place    | Note
-------+----------+-------------------------------------------
     0 | D:1      | kae the Demigod Transmuter began the quest for the Orb.
     0 | D:1      | Reached XP level 1. HP: 15/15 MP: 5/5
     0 | D:1      | magus.rc [v1.11.3]
   134 | D:1      | Reached skill level 2 in Transmutations
   161 | D:1      | Reached skill level 2 in Spellcasting
   378 | D:1      | Reached XP level 2. HP: 18/22 MP: 5/7
   719 | D:1      | You pick up a book of Cantrips and begin reading...
   719 | D:1      | You add the spells Necrotise, Summon Small Mammal and
                  | Apportation to your library.
  1081 | D:2      | Found Bufior's Weapon Shoppe.
  1112 | D:2      | Found Feotesch's Armour Emporium.
  1352 | D:2      | Reached skill level 1 in Poison Magic
  1566 | D:2      | Learned a level 2 spell: Wereblood
  1582 | D:3      | Noticed Jessica
  1651 | D:3      | Reached XP level 3. HP: 26/27 MP: 7/9
  1655 | D:3      | Learned a level 3 spell: Spider Form
  1909 | D:3      | Reached XP level 4. HP: 22/34 MP: 10/10
  2055 | D:3      | Noticed Robin
  2061 | D:3      | HP: 8/34 [gnoll/+0 whip (4)]
  2062 | D:3      | HP: 2/34 [gnoll/+0 spear (6)]
  2064 | D:3      | Reached skill level 3 in Transmutations
  2068 | D:3      | Reached skill level 2 in Poison Magic
  2171 | D:3      | Killed Robin
  2173 | D:3      | HP: 6/34 [frozen (5)]
  2174 | D:3      | Reached skill level 3 in Spellcasting
  2357 | D:3      | Reached XP level 5. HP: 37/39 MP: 9/12
  2541 | D:3      | Killed Jessica
  2648 | D:3      | HP: 6/39 [iron imp (9)]
  2649 | D:3      | Slain by an iron imp

Vanquished Creatures
  2 iron imps (D:3)
  Jessica (D:3)
  A scorpion zombie (D:3)
  A hound skeleton (D:3)
  Robin (D:3)
  4 gnolls (D:3)
  An adder (D:3)
  An adder zombie (D:3)
  A worm (D:2)
  3 adder skeletons (D:3)
  6 ball pythons (D:3)
  A bat (D:1)
  11 endoplasms
  2 giant cockroaches
  15 goblins
  4 hobgoblins
  4 jackals (D:3)
  A kobold (D:3)
  A ball python skeleton (D:3)
  3 frilled lizards (D:1)
  2 giant cockroach zombies (D:3)
  2 rats (D:1)
68 creatures vanquished.

Vanquished Creatures (others)
  2 fungi (D:1)
  2 withered plants (D:3)
4 creatures vanquished.

Grand Total: 72 creatures vanquished

Table legend:
 A = Non-vault XP
 B = Vault XP
 C = Vault XP percentage of total XP
 D = Non-vault monster count
 E = Vault monster count
 F = Vault count percentage of total count
                 A         B        C        D         E       F
            +---------+---------+-------+---------+---------+-------
      Total |     146 |     229 |  61.1 |      44 |      24 |  35.3
            +---------+---------+-------+---------+---------+-------
        D:1 |      25 |       0 |   0.0 |      15 |       0 |   0.0
        D:2 |      20 |       0 |   0.0 |       8 |       0 |   0.0
        D:3 |     101 |     229 |  69.4 |      21 |      24 |  53.3
            +---------+---------+-------+---------+---------+-------

Skill      XL: |  1  2  3  4 |
---------------+-------------+-----
Transmutations | 2 3 |  3.6
Spellcasting   | 2 3 |  3.3
Poison Magic   | 1 2 |  2.8
Fighting       | |  0.8
Dodging        | |  1.7
Unarmed Combat | |  2.6

Action                     |  1- 3 |  4- 6 || total
---------------------------+-------+-------++-------
  Melee: Unarmed           |    90 |   110 ||   200
         Kick              |    24 |     6 ||    30
         Headbutt          |    16 |     3 ||    19
   Cast: Beastly Appendage |    23 |     5 ||    28
         Spider Form       |     2 |     8 ||    10
         Wereblood         |     1 |     2 ||     3
    Use: Scroll            |     6 |       ||     6
         Potion            |       |     1 ||     1
   Stab: Sleeping          |     2 |       ||     2
 Armour: Robe              |    16 |     9 ||    25
         Skin              |       |     5 ||     5
  Dodge: Dodged            |    54 |   102 ||   156

Illustrated notes

Table legend:
 A = Kills in this place as a percentage of kills in the entire game.
 B = Kills by you in this place as a percentage of kills by you in the entire game.
 C = Kills by friends in this place as a percentage of kills by friends in the entire game.
 D = Other kills in this place as a percentage of other kills in the entire game.
 E = Experience gained in this place as a percentage of experience gained in the entire game.
 F = Experience gained in this place divided by the number of levels of this place that you have seen.
                   A       B       C       D       E      F
               +-------+-------+-------+-------+-------+----------------------
         Total | 100.0 | 100.0 |   N/A |   N/A | 100.0 | 125.0
       Dungeon | 100.0 | 100.0 |   N/A |   N/A | 100.0 | 125.0
               +-------+-------+-------+-------+-------+----------------------

Table legend: (Time is in decaauts)
 A = Elapsed time spent in this place.
 B = Non-inter-level travel time spent in this place.
 C = Inter-level travel time spent in this place.
 D = Time resting spent in this place.
 E = Time spent auto-exploring this place.
 F = Levels seen in this place.
 G = Mean time per level.
                   A        B        C        D        E       F      G
               +--------+--------+--------+--------+--------+-----+--------+
         Total |   2646 |   2545 |    101 |    151 |   1841 |   3 |  882.0 |
       Dungeon |   2646 |   2545 |    101 |    151 |   1841 |   3 |  882.0 |
               +--------+--------+--------+--------+--------+-----+--------+

Top non-repeatable levels by time:
     D:2: 994 daAuts
     D:3: 857 daAuts
     D:1: 794 daAuts
